[Event "Najdorf Memorial-B 2022"]
[Site "Warsaw"]
[Date "2022.07.15"]
[Round "7.8"]
[White "Trochimczuk, Szymon"]
[Black "Nocek, Dominik"]
[Result "1/2-1/2"]
[ECO "A79"]
[WhiteElo "1480"]
[BlackElo "1682"]
[Annotator "NA"]
[PlyCount "70"]
[EventDate "2022.07.09"]
[EventType "swiss"]
[EventCountry "POL"]
[SourceTitle "playchess.com"]
[Source "ChessBase"]
[SourceQuality "1"]
[TimeControl "40/5400+30:1800+30"]

1. d4 Nf6 2. c4 c5 3. d5 d6 4. Nc3 g6 5. e4 Bg7 6. Be2 O-O 7. Nf3 e6 8. Nd2 exd5 9. cxd5 Re8 10. O-O Na6 11. f3 Nc7 12. a4 b6 13. Nc4 Ba6 14. Bg5 h6 15. Bf4 Bxc4 16. Bxc4 a6 17. Qd2 Kh7 18. Rab1 Qd7 19. b4 b5 20. Ba2 c4 21. a5 Nh5 22. Be3 f5 23. Bd4 Nf6 24. Rbe1 fxe4 25. fxe4 Ng4 26. Bb1 Ne5 27. Ne2 Rf8 28. Bf2 Rf7 29. Bg3 Raf8 30. Rxf7 Rxf7 31. h3 Qe7 32. Nd4 Qe8 33. Kh2 Qf8 34. Nc6 Qe8 35. Rd1 Qh8 1/2-1/2

[Event "Najdorf Memorial-B 2022"]
[Site "Warsaw"]
[Date "2022.07.15"]
[Round "7.9"]
[White "Wieckowski, Michal"]
[Black "Tomalak, Stanislaw"]
[Result "1-0"]
[ECO "A53"]
[WhiteElo "1669"]
[BlackElo "1554"]
[Annotator "NA"]
[PlyCount "63"]
[EventDate "2022.07.09"]
[EventType "swiss"]
[EventCountry "POL"]
[SourceTitle "playchess.com"]
[Source "ChessBase"]
[SourceQuality "1"]
[TimeControl "40/5400+30:1800+30"]

1. d4 Nf6 2. c4 d6 3. Nc3 Nbd7 4. e4 e5 5. d5 Nc5 6. f3 a5 7. Be3 b6 8. Qd2 Bd7 9. O-O-O Be7 10. g4 Ng8 11. Nge2 h6 12. Kb1 g6 13. h4 f5 14. h5 f4 15. Bxc5 bxc5 16. hxg6 Bg5 17. Nb5 Ne7 18. g7 Rg8 19. Qe1 a4 20. Rd3 Nc8 21. Ra3 Nb6 22. Nec3 Kf7 23. Qd1 Kxg7 24. Nxa4 Bxb5 25. cxb5 Qb8 26. Qc2 Ra5 27. Nxc5 Rxa3 28. Ne6+ Kg6 29. bxa3 Rc8 30. Qh2 Rg8 31. Nxg5 hxg5 32. Qh7+ 1-0

[Event "Najdorf Memorial-B 2022"]
[Site "Warsaw"]
[Date "2022.07.15"]
[Round "7.10"]
[White "Carrieri, Maurizio"]
[Black "Matskevich, Varvara"]
[Result "1-0"]
[ECO "D10"]
[WhiteElo "1666"]
[BlackElo "1467"]
[Annotator "NA"]
[PlyCount "93"]
[EventDate "2022.07.09"]
[EventType "swiss"]
[EventCountry "POL"]
[SourceTitle "playchess.com"]
[Source "ChessBase"]
[SourceQuality "1"]
[TimeControl "40/5400+30:1800+30"]

1. d4 d5 2. c4 c6 3. cxd5 cxd5 4. Nc3 Nc6 5. Bf4 Nf6 6. e3 a6 7. Bd3 e6 8. Nf3 Be7 9. Rc1 O-O 10. Bg3 Ne8 11. O-O f5 12. Bb1 Nf6 13. Na4 Bd7 14. Nc5 Bxc5 15. Rxc5 Qb6 16. b3 Ne4 17. Bxe4 fxe4 18. Ne5 Nxe5 19. Bxe5 Rac8 20. Rxc8 Rxc8 21. Qg4 g6 22. Qg5 Qd8 23. Qxd8+ Rxd8 24. Rc1 Bc6 25. g4 h6 26. h4 Kf7 27. g5 h5 28. Kg2 Rc8 29. Kg3 Bd7 30. Rxc8 Bxc8 31. Bd6 Bd7 32. Kf4 Bb5 33. Ke5 Be2 34. Bb4 Bd3 35. Bc5 Bb1 36. a3 Ba2 37. b4 Bc4 38. Kd6 a5 39. Kc7 Ba6 40. Kb6 axb4 41. axb4 Ke8 42. b5 Bxb5 43. Kxb5 Kd7 44. Kb6 Kc8 45. Bd6 Kd7 46. Bf4 Kc8 47. Be5 1-0

[Event "Najdorf Memorial-B 2022"]
[Site "Warsaw"]
[Date "2022.07.15"]
[Round "7.11"]
[White "Bartoszczuk, Adam"]
[Black "Shaparau, Maxim"]
[Result "1-0"]
[ECO "B41"]
[WhiteElo "1596"]
[BlackElo "1202"]
[Annotator "NA"]
[PlyCount "73"]
[EventDate "2022.07.09"]
[EventType "swiss"]
[EventCountry "POL"]
[SourceTitle "playchess.com"]
[Source "ChessBase"]
[SourceQuality "1"]
[TimeControl "40/5400+30:1800+30"]

1. e4 c5 2. Nf3 e6 3. d4 cxd4 4. Nxd4 a6 5. c4 Nf6 6. Nc3 Qc7 7. a3 b6 8. Be2 Bb7 9. f3 Nc6 10. Be3 Be7 11. O-O O-O 12. Rc1 Nxd4 13. Bxd4 Bc5 14. b4 Bxd4+ 15. Qxd4 Rab8 16. e5 Ne8 17. Rfd1 f6 18. Na4 Qxe5 19. Qxe5 fxe5 20. Nxb6 Bxf3 21. Nxd7 Bxe2 22. Re1 Bxc4 23. Rxc4 Nf6 24. Nxb8 Rxb8 25. Rxe5 Rb6 26. Rec5 Kf7 27. Rc6 Rb5 28. R4c5 Ne4 29. Rxb5 axb5 30. Kf1 Kf6 31. Ke2 h5 32. Rb6 g5 33. Ke3 Nc3 34. Kd3 Nd5 35. Rxb5 Ke5 36. a4 g4 37. g3 1-0

[Event "Najdorf Memorial-B 2022"]
[Site "Warsaw"]
[Date "2022.07.15"]
[Round "7.12"]
[White "Marczuk, Wojciech"]
[Black "Gajewski, Dariusz"]
[Result "1/2-1/2"]
[ECO "A51"]
[WhiteElo "1324"]
[BlackElo "1697"]
[Annotator "NA"]
[PlyCount "78"]
[EventDate "2022.07.09"]
[EventType "swiss"]
[EventCountry "POL"]
[SourceTitle "playchess.com"]
[Source "ChessBase"]
[SourceQuality "1"]
[TimeControl "40/5400+30:1800+30"]

1. d4 Nf6 2. c4 e5 3. dxe5 Ne4 4. Nf3 d6 5. exd6 Bxd6 6. Qd4 Bb4+ 7. Nbd2 Qxd4 8. Nxd4 O-O 9. a3 Bxd2+ 10. Bxd2 Nxd2 11. Kxd2 Rd8 12. Kc3 Na6 13. b4 c5 14. Nf3 cxb4+ 15. axb4 b6 16. e3 Bb7 17. Be2 Nc7 18. Rhd1 a6 19. Nh4 Rac8 20. Bf3 Bxf3 21. Nxf3 Kf8 22. Kb3 Ke8 23. Rd4 Rxd4 24. exd4 f6 25. d5 Kd7 26. Nd4 Re8 27. Kc3 Rc8 28. Kd3 g6 29. Re1 b5 30. Nc6 bxc4+ 31. Kxc4 Kd6 32. Rd1 Nxd5 33. Rxd5+ Kxc6 34. Rc5+ Kb7 35. Rxc8 Kxc8 36. b5 axb5+ 37. Kxb5 Kd7 38. Kc5 Ke6 39. Kd4 Kd6 1/2-1/2

[Event "Najdorf Memorial-B 2022"]
[Site "Warsaw"]
[Date "2022.07.15"]
[Round "7.13"]
[White "Poniewierski, Piotr"]
[Black "Smeryk, Andriy"]
[Result "1-0"]
[ECO "A05"]
[WhiteElo "1747"]
[BlackElo "1397"]
[Annotator "NA"]
[PlyCount "145"]
[EventDate "2022.07.09"]
[EventType "swiss"]
[EventCountry "POL"]
[SourceTitle "playchess.com"]
[Source "ChessBase"]
[SourceQuality "1"]
[TimeControl "40/5400+30:1800+30"]

1. Nf3 Nf6 2. c4 e6 3. g3 b6 4. Bg2 Bb7 5. Nc3 Be7 6. O-O O-O 7. Re1 Bb4 8. Qb3 Bxc3 9. Qxc3 d6 10. d3 Nbd7 11. e4 e5 12. Qc2 Nc5 13. Bd2 Ne6 14. Bc3 c5 15. Nh4 Nd7 16. Nf5 Nb8 17. Rf1 Nc6 18. Qd1 Ncd4 19. Bxd4 Nxd4 20. Ne3 b5 21. cxb5 Nxb5 22. f4 Nd4 23. Qh5 f6 24. f5 Qe8 25. Qd1 a5 26. g4 h6 27. h4 Qe7 28. Qd2 Bc6 29. Kf2 a4 30. Bf3 Kf7 31. Rg1 Rh8 32. Nc2 Nb5 33. Rg2 Rag8 34. Rag1 g5 35. fxg6+ Rxg6 36. Ne3 Qd8 37. Qd1 Kf8 38. Qxa4 Nd4 39. Qc4 Bb5 40. Qc3 Bc6 41. Rg3 Rhg8 42. Bd1 Qb6 43. Ke1 Ke8 44. R3g2 Qb8 45. Rf1 Qb7 46. h5 R6g7 47. Rxf6 Qe7 48. Rf1 Qh4+ 49. Kd2 Bd7 50. Kc1 Be6 51. Kb1 Ra7 52. b3 Kd7 53. Nf5 Bxf5 54. exf5 Qf6 55. Qc4 Rb8 56. Rfg1 Rb4 57. Qg8 Kc6 58. Qe8+ Kb6 59. Qg6 Rf7 60. Qxf6 Rxf6 61. g5 hxg5 62. Rxg5 Nxf5 63. Rg6 Rf7 64. Bg4 Nh4 65. Rxd6+ Kc7 66. Re6 Rg7 67. h6 Rh7 68. Be2 Rd4 69. Rg7+ Rd7 70. Rxh7 Rxh7 71. Rxe5 Rxh6 72. Rxc5+ Kb6 73. Rh5 1-0

[Event "Najdorf Memorial-B 2022"]
[Site "Warsaw"]
[Date "2022.07.15"]
[Round "7.14"]
[White "Mazurkiewicz, Wojciech"]
[Black "Przybylski, Jan"]
[Result "0-1"]
[ECO "B22"]
[WhiteElo "1469"]
[BlackElo "1685"]
[Annotator "NA"]
[PlyCount "110"]
[EventDate "2022.07.09"]
[EventType "swiss"]
[EventCountry "POL"]
[SourceTitle "playchess.com"]
[Source "ChessBase"]
[SourceQuality "1"]
[TimeControl "40/5400+30:1800+30"]

1. e4 c5 2. c3 d5 3. exd5 Qxd5 4. d4 Nc6 5. Nf3 Bf5 6. Na3 e6 7. Bc4 Qe4+ 8. Be3 cxd4 9. cxd4 Bb4+ 10. Ke2 Nge7 11. Bd3 Qxd3+ 12. Qxd3 Bxd3+ 13. Kxd3 Bxa3 14. bxa3 Rd8 15. Rhd1 O-O 16. Ke2 Rd5 17. Rac1 Rfd8 18. Ne5 Nxe5 19. dxe5 Rxd1 20. Rxd1 Rxd1 21. Kxd1 Nc6 22. f4 Kf8 23. Kc2 Ke7 24. Bc5+ Kd7 25. Kc3 Kc7 26. Kc4 b6 27. Bd6+ Kb7 28. g4 Na5+ 29. Kd4 Kc6 30. f5 Nb7 31. Bf8 g6 32. fxe6 fxe6 33. Kc4 Nd8 34. h4 Nf7 35. Kd4 Kb5 36. g5 Nd8 37. Bd6 Nc6+ 38. Kc3 a5 39. Bc7 Kc5 40. a4 Na7 41. Bd6+ Kd5 42. Bc7 Nc8 43. Kd3 Kc6 44. Bd8 Kd7 45. Bf6 Na7 46. Kc4 Nc6 47. Kb5 Kc7 48. Kc4 Nb4 49. a3 Nd5 50. Kd4 Kc6 51. Ke4 Kc5 52. Kf3 Kc4 53. Kg4 Kb3 54. h5 Kxa3 55. hxg6 hxg6 0-1

[Event "Najdorf Memorial-B 2022"]
[Site "Warsaw"]
[Date "2022.07.15"]
[Round "7.15"]
[White "Chiszko, Oskar"]
[Black "Kowalski, Witold"]
[Result "1-0"]
[ECO "B92"]
[WhiteElo "1446"]
[BlackElo "1673"]
[Annotator "NA"]
[PlyCount "55"]
[EventDate "2022.07.09"]
[EventType "swiss"]
[EventCountry "POL"]
[SourceTitle "playchess.com"]
[Source "ChessBase"]
[SourceQuality "1"]
[TimeControl "40/5400+30:1800+30"]

1. e4 c5 2. Nf3 d6 3. d4 cxd4 4. Nxd4 Nf6 5. Nc3 a6 6. Be2 e5 7. Nb3 Be7 8. Be3 O-O 9. g4 Be6 10. g5 Nfd7 11. Qd2 Qc7 12. O-O-O b5 13. a3 Rc8 14. Kb1 Nb6 15. Bxb6 Qxb6 16. h4 Nd7 17. h5 g6 18. hxg6 hxg6 19. f4 Nc5 20. Nxc5 Qxc5 21. f5 gxf5 22. g6 f4 23. gxf7+ Kxf7 24. Bh5+ Kf8 25. Nd5 Bxd5 26. exd5 Bf6 27. Qd3 Rc7 28. Qf5 1-0

[Event "Najdorf Memorial-B 2022"]
[Site "Warsaw"]
[Date "2022.07.15"]
[Round "7.16"]
[White "Kobus, Stanislaw"]
[Black "Szymkiewicz, Witold"]
[Result "0-1"]
[ECO "A06"]
[WhiteElo "1427"]
[BlackElo "1642"]
[Annotator "NA"]
[PlyCount "87"]
[EventDate "2022.07.09"]
[EventType "swiss"]
[EventCountry "POL"]
[SourceTitle "playchess.com"]
[Source "ChessBase"]
[SourceQuality "1"]
[TimeControl "40/5400+30:1800+30"]

1. Nf3 d5 2. g3 Nc6 3. d4 Bg4 4. Bg2 Nf6 5. Nc3 e6 6. O-O Be7 7. a3 O-O 8. Bg5 h6 9. Bxf6 Bxf6 10. e3 Bh5 11. Qd3 Bg6 12. Qb5 a6 13. Qe2 b5 14. Na2 Na5 15. b3 Qe7 16. Qd2 Nb7 17. Nb4 c5 18. Nc6 Qd6 19. Nce5 Be4 20. Rfc1 Rfc8 21. a4 cxd4 22. exd4 b4 23. c4 Bxf3 24. Nxf3 Na5 25. c5 Qb8 26. Qd3 Re8 27. c6 Qd6 28. c7 Rec8 29. Rc2 Rxc7 30. Rac1 Rac8 31. Rxc7 Rxc7 32. Rxc7 Qxc7 33. Qxa6 Qc1+ 34. Bf1 Nxb3 35. Kg2 g6 36. Qa7 Qc3 37. a5 Nxd4 38. Qb8+ Kg7 39. Ne5 Nb3 40. a6 Bxe5 41. a7 Bxb8 42. axb8=Q Nd2 43. Bb5 b3 44. Be8 0-1

[Event "Najdorf Memorial-B 2022"]
[Site "Warsaw"]
[Date "2022.07.15"]
[Round "7.17"]
[White "Przybyla, Andrzej"]
[Black "Iwaszkiewicz, Krzysztof"]
[Result "0-1"]
[ECO "D45"]
[WhiteElo "1418"]
[BlackElo "1630"]
[Annotator "NA"]
[PlyCount "80"]
[EventDate "2022.07.09"]
[EventType "swiss"]
[EventCountry "POL"]
[SourceTitle "playchess.com"]
[Source "ChessBase"]
[SourceQuality "1"]
[TimeControl "40/5400+30:1800+30"]

1. d4 d5 2. c4 c6 3. Nf3 Nf6 4. e3 e6 5. Nc3 Be7 6. Bd3 dxc4 7. Bxc4 b5 8. Be2 Bb7 9. O-O Nbd7 10. a3 a5 11. Qc2 O-O 12. b3 Rc8 13. Ne4 c5 14. Nxc5 Nxc5 15. dxc5 Rxc5 16. Qd2 Qc7 17. Bb2 Rc2 18. Rac1 Rxd2 19. Rxc7 Bxf3 20. Bxf3 Rxb2 21. Rxe7 Rxb3 22. Rb7 Rc8 23. a4 bxa4 24. Ra7 Ra3 25. Rxa5 g6 26. Rb1 Ra2 27. Bd1 a3 28. h3 Rd8 29. f4 Rdd2 30. Bf3 Nd5 31. Bxd5 exd5 32. g4 Rg2+ 33. Kh1 Rh2+ 34. Kg1 Rag2+ 35. Kf1 Rb2 36. Kg1 a2 37. Ra1 Rhc2 38. Rxd5 Rb1+ 39. Rd1 Rxa1 40. Rxa1 Rb2 0-1

[Event "Najdorf Memorial-B 2022"]
[Site "Warsaw"]
[Date "2022.07.16"]
[Round "8.1"]
[White "Michalowski, Patryk"]
[Black "Bubien, Antoni"]
[Result "1-0"]
[ECO "B87"]
[WhiteElo "1726"]
[BlackElo "1472"]
[Annotator "NA"]
[PlyCount "67"]
[EventDate "2022.07.09"]
[EventType "swiss"]
[EventCountry "POL"]
[SourceTitle "playchess.com"]
[Source "ChessBase"]
[SourceQuality "1"]
[TimeControl "40/5400+30:1800+30"]

1. e4 c5 2. Nf3 d6 3. d4 cxd4 4. Nxd4 Nf6 5. Nc3 a6 6. Bc4 e6 7. Bb3 b5 8. Bg5 Be7 9. f4 b4 10. Bxf6 Bxf6 11. Nce2 Bb7 12. Qd3 Nd7 13. Bxe6 fxe6 14. Nxe6 Nc5 15. Nxc5 dxc5 16. Qc4 Bxb2 17. Rd1 Qe7 18. e5 Bxg2 19. Rg1 Bf3 20. Rd6 Qh4+ 21. Ng3 Bd4 22. Qe6+ Qe7 23. Qxe7+ Kxe7 24. Nf5+ Kf8 25. Rxg7 Bc3+ 26. Kf2 Bh5 27. Rf6+ Ke8 28. Re7+ Kd8 29. Rd6+ Kc8 30. Rdd7 Bd4+ 31. Kg3 Rg8+ 32. Kh4 Bf3 33. Nd6+ Kb8 34. Rb7+ 1-0

[Event "Najdorf Memorial-B 2022"]
[Site "Warsaw"]
[Date "2022.07.16"]
[Round "8.2"]
[White "Nawalaniec, Adam"]
[Black "Krogulski, Maksymilian"]
[Result "1/2-1/2"]
[ECO "B30"]
[WhiteElo "1768"]
[BlackElo "1584"]
[Annotator "NA"]
[PlyCount "106"]
[EventDate "2022.07.09"]
[EventType "swiss"]
[EventCountry "POL"]
[SourceTitle "playchess.com"]
[Source "ChessBase"]
[SourceQuality "1"]
[TimeControl "40/5400+30:1800+30"]

1. e4 c5 2. Nf3 Nc6 3. d3 g6 4. g3 Bg7 5. Bg2 d6 6. O-O Nf6 7. c3 O-O 8. Re1 Bg4 9. h3 Bd7 10. d4 cxd4 11. cxd4 Qc8 12. Kh2 d5 13. e5 Ne4 14. Nc3 Nxc3 15. bxc3 Na5 16. Ba3 Re8 17. Bb4 Nc4 18. Ng5 h6 19. Bxd5 hxg5 20. Qf3 e6 21. Bxb7 Qb8 22. Bxa8 Qxa8 23. Qxa8 Rxa8 24. Be7 Nd2 25. Red1 Nf3+ 26. Kg2 Bc6 27. d5 Bxd5 28. Rxd5 exd5 29. Kxf3 Bxe5 30. Rd1 Rc8 31. Rxd5 Rxc3+ 32. Kg2 f6 33. Bd6 Bxd6 34. Rxd6 Ra3 35. Rxf6 Kg7 36. Rc6 Rxa2 37. Rc7+ Kh6 38. Rb7 a5 39. Ra7 a4 40. g4 Ra3 41. Ra5 Ra1 42. f3 a3 43. Ra7 a2 44. Kh2 Rf1 45. Rxa2 Rxf3 46. Kg2 Rb3 47. Rf2 Kg7 48. Rc2 Ra3 49. Rc7+ Kf6 50. Rc6+ Ke5 51. Rxg6 Ra2+ 52. Kf3 Ra3+ 53. Ke2 Rxh3 1/2-1/2

[Event "Najdorf Memorial-B 2022"]
[Site "Warsaw"]
[Date "2022.07.16"]
[Round "8.3"]
[White "Yasmo, Daniil"]
[Black "Tsiapko, Andrii"]
[Result "1-0"]
[ECO "D53"]
[WhiteElo "1680"]
[BlackElo "1538"]
[Annotator "NA"]
[PlyCount "127"]
[EventDate "2022.07.09"]
[EventType "swiss"]
[EventCountry "POL"]
[SourceTitle "playchess.com"]
[Source "ChessBase"]
[SourceQuality "1"]
[TimeControl "40/5400+30:1800+30"]

1. d4 Nf6 2. c4 e6 3. Nc3 d5 4. Bg5 Be7 5. cxd5 exd5 6. e3 c6 7. Bd3 Nbd7 8. Nf3 O-O 9. O-O Re8 10. Qc2 Nf8 11. Ne5 N6d7 12. Bf4 Nxe5 13. dxe5 Ng6 14. Bg3 Nf8 15. e4 dxe4 16. Nxe4 Bf5 17. Rad1 Qb6 18. Rfe1 Bxe4 19. Bxe4 Bb4 20. Re2 Rad8 21. a3 Rxd1+ 22. Qxd1 Rd8 23. Qc2 Qd4 24. h3 Ba5 25. Kh2 Bb6 26. Bf4 Qd1 27. Qxd1 Rxd1 28. Bc2 Rd5 29. Bd2 Bd4 30. Bc3 Bxc3 31. bxc3 Ne6 32. Kg3 Ra5 33. a4 Kf8 34. Re4 Rd5 35. Rb4 Nc5 36. f4 Rd2 37. Bb1 a5 38. Rc4 b6 39. Kf3 Rb2 40. Be4 Nxe4 41. Kxe4 c5 42. g4 Ke7 43. h4 g6 44. f5 Kd7 45. Kf4 h6 46. e6+ Ke7 47. Re4 gxf5 48. gxf5 Rf2+ 49. Kg4 f6 50. Rf4 h5+ 51. Kg3 Rc2 52. Rf3 Ra2 53. Rd3 Rxa4 54. Rd7+ Ke8 55. Rf7 Rg4+ 56. Kf3 a4 57. Rxf6 a3 58. Rh6 a2 59. f6 Rg8 60. f7+ Kf8 61. fxg8=Q+ Kxg8 62. Rg6+ Kf8 63. Rg1 b5 64. Ra1 1-0

[Event "Najdorf Memorial-B 2022"]
[Site "Warsaw"]
[Date "2022.07.16"]
[Round "8.4"]
[White "Piddubna, Bozhena"]
[Black "Wieckowski, Michal"]
[Result "0-1"]
[ECO "A88"]
[WhiteElo "1534"]
[BlackElo "1669"]
[Annotator "NA"]
[PlyCount "118"]
[EventDate "2022.07.09"]
[EventType "swiss"]
[EventCountry "POL"]
[SourceTitle "playchess.com"]
[Source "ChessBase"]
[SourceQuality "1"]
[TimeControl "40/5400+30:1800+30"]

1. c4 g6 2. Nc3 Bg7 3. d4 f5 4. Nf3 Nf6 5. g3 O-O 6. Bg2 d6 7. O-O c6 8. Qb3 Na6 9. Rd1 Qe8 10. d5 Nc5 11. Qc2 cxd5 12. cxd5 Bd7 13. Nd4 Rc8 14. Qd2 Qf7 15. f4 a6 16. Qe3 b5 17. b4 Nce4 18. Nxe4 Nxd5 19. Qb3 fxe4 20. Bb2 Nf6 21. Qa3 Ra8 22. Rac1 Qe8 23. Qb3+ Qf7 24. Rc7 Rfc8 25. Qxf7+ Kxf7 26. Bxe4 Nxe4 27. Rxd7 Nc3 28. Bxc3 Rxc3 29. Nf3 Ke8 30. Rb7 Bf6 31. Nd4 Kd8 32. Ne6+ Kc8 33. Rb6 Kd7 34. Nc5+ Kc7 35. Rxa6 Rxa6 36. Nxa6+ Kb7 37. Nc5+ dxc5 38. bxc5 Rxc5 39. e4 Kc7 40. e5 Bg7 41. Rd2 g5 42. Kf2 gxf4 43. gxf4 Bh6 44. Kg3 Rc4 45. Rf2 Re4 46. Kg4 e6 47. Kg3 Kb6 48. f5 Be3 49. Rf3 Rxe5 50. f6 Bc5 51. Kg4 Bf8 52. h4 h5+ 53. Kg3 b4 54. f7 Kc7 55. Rf6 Kd7 56. Kf4 Ra5 57. Rg6 Ke7 58. Ke4 Kxf7 59. Rg2 Rd5 0-1

[Event "Najdorf Memorial-B 2022"]
[Site "Warsaw"]
[Date "2022.07.16"]
[Round "8.5"]
[White "Napieralski, Lucjan"]
[Black "Carrieri, Maurizio"]
[Result "0-1"]
[ECO "B33"]
[WhiteElo "1414"]
[BlackElo "1666"]
[Annotator "NA"]
[PlyCount "98"]
[EventDate "2022.07.09"]
[EventType "swiss"]
[EventCountry "POL"]
[SourceTitle "playchess.com"]
[Source "ChessBase"]
[SourceQuality "1"]
[TimeControl "40/5400+30:1800+30"]

1. e4 c5 2. Nf3 Nc6 3. d4 cxd4 4. Nxd4 Nf6 5. Nxc6 bxc6 6. Bd3 e5 7. c4 Bb4+ 8. Nd2 a5 9. O-O O-O 10. a3 Bc5 11. b3 Bd4 12. Rb1 d5 13. Qc2 Bg4 14. Bb2 Bxb2 15. Rxb2 d4 16. f4 Nh5 17. fxe5 Qg5 18. Nf3 Bxf3 19. Rxf3 g6 20. c5 Qxe5 21. Qc4 Nf4 22. Rbf2 Ne6 23. b4 axb4 24. axb4 Ra1+ 25. Rf1 Rxf1+ 26. Rxf1 Ra8 27. Qb3 Kg7 28. Qb2 Qg5 29. Qf2 Qe3 30. Qxe3 dxe3 31. e5 Ra2 32. Re1 Ra3 33. Be4 Nd4 34. Rd1 Ne2+ 35. Kf1 Nc3 36. Re1 Nxe4 37. Ke2 Kf8 38. Kf3 Nd2+ 39. Kf4 Nc4 40. Ke4 Ke7 41. Kd4 Nd2 42. Rxe3 Rxe3 43. Kxe3 Nf1+ 44. Kd4 Nxh2 45. b5 cxb5 46. c6 Ng4 47. Kc5 Nxe5 48. c7 Kd7 49. Kb6 Kc8 0-1

[Event "Najdorf Memorial-B 2022"]
[Site "Warsaw"]
[Date "2022.07.16"]
[Round "8.6"]
[White "Prokopiuk, Jakub"]
[Black "Slusarczyk, Anna"]
[Result "1/2-1/2"]
[ECO "B28"]
[WhiteElo "1481"]
[BlackElo "1637"]
[Annotator "NA"]
[PlyCount "113"]
[EventDate "2022.07.09"]
[EventType "swiss"]
[EventCountry "POL"]
[SourceTitle "playchess.com"]
[Source "ChessBase"]
[SourceQuality "1"]
[TimeControl "40/5400+30:1800+30"]

1. e4 c5 2. Nf3 a6 3. d4 cxd4 4. Nxd4 Nf6 5. Nc3 e5 6. Nb3 Bb4 7. Bg5 Bxc3+ 8. bxc3 d6 9. Be2 h6 10. Bxf6 Qxf6 11. O-O O-O 12. Na5 Rd8 13. Qb1 Nd7 14. Nc4 b5 15. Ne3 Bb7 16. f3 d5 17. Nxd5 Bxd5 18. exd5 Qb6+ 19. Kh1 Qc5 20. Qb4 Rac8 21. a4 Qxc3 22. Qxc3 Rxc3 23. axb5 Rxc2 24. Bd3 Rc3 25. Be2 axb5 26. Bxb5 Nf6 27. h3 Rxd5 28. Ra8+ Kh7 29. Be8 Nxe8 30. Rxe8 Rc2 31. Kh2 Rdd2 32. Rg1 f6 33. Kg3 Kg6 34. Re7 Re2 35. Kh2 f5 36. Re6+ Kg5 37. Kg3 f4+ 38. Kh2 Kf5 39. Re8 Kf6 40. Rf8+ Ke7 41. Ra8 e4 42. Ra7+ Kf6 43. Ra6+ Kg5 44. Ra5+ Kg6 45. fxe4 Rxe4 46. Ra6+ Kh7 47. Ra3 Ree2 48. Rb3 Rf2 49. Kh1 Rce2 50. Ra3 Kg6 51. Ra6+ Kh5 52. Ra5+ g5 53. Ra3 g4 54. hxg4+ Kxg4 55. Ra4 h5 56. Ra3 Rd2 57. Rb3 1/2-1/2

[Event "Najdorf Memorial-B 2022"]
[Site "Warsaw"]
[Date "2022.07.16"]
[Round "8.7"]
[White "Bartoszczuk, Adam"]
[Black "Dysko, Michal"]
[Result "0-1"]
[ECO "B40"]
[WhiteElo "1596"]
[BlackElo "1376"]
[Annotator "NA"]
[PlyCount "78"]
[EventDate "2022.07.09"]
[EventType "swiss"]
[EventCountry "POL"]
[SourceTitle "playchess.com"]
[Source "ChessBase"]
[SourceQuality "1"]
[TimeControl "40/5400+30:1800+30"]

1. e4 c5 2. Nf3 e6 3. d4 cxd4 4. Nxd4 Nf6 5. Nc3 Nc6 6. Nxc6 bxc6 7. e5 Nd5 8. Ne4 Qc7 9. f4 Qb6 10. a3 Ne3 11. Qd3 Nxf1 12. Rxf1 Ba6 13. c4 f5 14. Nd6+ Bxd6 15. exd6 c5 16. Rb1 Bb7 17. Qc3 Qxd6 18. Be3 Qe7 19. b4 Be4 20. Rd1 cxb4 21. axb4 Rg8 22. Qd2 a6 23. Bc5 Qd8 24. Qd6 Bc6 25. Rf2 Kf7 26. Qd3 Re8 27. Kf1 d5 28. Qh3 Kg8 29. Qe3 Qc8 30. cxd5 Bxd5 31. Rc1 Qb7 32. g3 a5 33. Bb6 axb4 34. Rb2 Qa6+ 35. Kg1 b3 36. Bd4 Rec8 37. Re1 Rc2 38. Rxb3 Rg2+ 39. Kh1 Rxg3+ 0-1

[Event "Najdorf Memorial-B 2022"]
[Site "Warsaw"]
[Date "2022.07.16"]
[Round "8.8"]
[White "Terkiewicz, Bruno"]
[Black "Poniewierski, Piotr"]
[Result "0-1"]
[ECO "B41"]
[WhiteElo "1473"]
[BlackElo "1747"]
[Annotator "NA"]
[PlyCount "100"]
[EventDate "2022.07.09"]
[EventType "swiss"]
[EventCountry "POL"]
[SourceTitle "playchess.com"]
[Source "ChessBase"]
[SourceQuality "1"]
[TimeControl "40/5400+30:1800+30"]

1. e4 c5 2. Nf3 e6 3. d4 cxd4 4. Nxd4 a6 5. c4 Nf6 6. Nc3 Qc7 7. Qe2 d6 8. g3 Be7 9. Bg2 Bd7 10. Be3 Nc6 11. Rc1 Qa5 12. O-O Rc8 13. f4 Nxd4 14. Bxd4 e5 15. fxe5 dxe5 16. Be3 O-O 17. Nd5 Nxd5 18. exd5 Bc5 19. Bxc5 Qxc5+ 20. Kh1 f6 21. Qf2 a5 22. h3 Qxf2 23. Rxf2 b6 24. b3 Rc5 25. Rfc2 Rfc8 26. Bf1 Bf5 27. Rc3 Kf8 28. Kg1 b5 29. Kf2 b4 30. Rf3 Be4 31. Re3 Bxd5 32. Rd1 Be6 33. Rd6 Ke7 34. Red3 R5c6 35. Rxc6 Rxc6 36. Ke3 Rd6 37. g4 g6 38. Ke4 Rxd3 39. Bxd3 Kd6 40. Be2 Bc8 41. Ke3 f5 42. Bf3 e4 43. Be2 Ke5 44. c5 f4+ 45. Kd2 Kd4 46. c6 f3 47. Bc4 h5 48. Bf7 hxg4 49. hxg4 Bxg4 50. Bxg6 f2 0-1

[Event "Najdorf Memorial-B 2022"]
[Site "Warsaw"]
[Date "2022.07.16"]
[Round "8.9"]
[White "Przybylski, Jan"]
[Black "Trochimczuk, Szymon"]
[Result "1/2-1/2"]
[ECO "B18"]
[WhiteElo "1685"]
[BlackElo "1480"]
[Annotator "NA"]
[PlyCount "77"]
[EventDate "2022.07.09"]
[EventType "swiss"]
[EventCountry "POL"]
[SourceTitle "playchess.com"]
[Source "ChessBase"]
[SourceQuality "1"]
[TimeControl "40/5400+30:1800+30"]

1. e4 c6 2. d4 d5 3. Nc3 dxe4 4. Nxe4 Bf5 5. Ng3 Bg6 6. h4 h6 7. Nf3 e6 8. Ne5 Bh7 9. Be3 Nd7 10. Nc4 Ngf6 11. Be2 Nb6 12. c3 Nxc4 13. Bxc4 Bd6 14. Qf3 Qe7 15. O-O O-O 16. Rfe1 Nd5 17. Bxd5 cxd5 18. Bf4 a5 19. Nh5 Bxf4 20. Qxf4 Bg6 21. Qg4 Bxh5 22. Qxh5 Qf6 23. Re3 b5 24. Rae1 Kh7 25. Qg4 g6 26. Rg3 b4 27. h5 g5 28. Rf3 Qg7 29. Rg3 Qf6 30. Rf3 Qg7 31. Qg3 bxc3 32. bxc3 Rfb8 33. Qc7 Kg8 34. Qd7 Rd8 35. Qe7 Re8 36. Qd7 Red8 37. Qa4 Rdb8 38. Rg3 Qf6 39. Rf3 1/2-1/2

[Event "Najdorf Memorial-B 2022"]
[Site "Warsaw"]
[Date "2022.07.16"]
[Round "8.10"]
[White "Nocek, Dominik"]
[Black "Chiszko, Oskar"]
[Result "1/2-1/2"]
[ECO "B91"]
[WhiteElo "1682"]
[BlackElo "1446"]
[Annotator "NA"]
[PlyCount "50"]
[EventDate "2022.07.09"]
[EventType "swiss"]
[EventCountry "POL"]
[SourceTitle "playchess.com"]
[Source "ChessBase"]
[SourceQuality "1"]
[TimeControl "40/5400+30:1800+30"]

1. e4 c5 2. Nf3 d6 3. d4 cxd4 4. Nxd4 Nf6 5. Nc3 a6 6. g3 e5 7. Nde2 Be7 8. Bg2 O-O 9. O-O b5 10. Nd5 Nbd7 11. Nec3 Nxd5 12. Nxd5 Nf6 13. a4 Bb7 14. axb5 axb5 15. Rxa8 Bxa8 16. Nxe7+ Qxe7 17. Bg5 h6 18. Bxf6 Qxf6 19. Qd3 Bc6 20. Ra1 Qe7 21. h3 Qc7 22. Rd1 Rd8 23. Qa3 g6 24. Kh2 Kg7 25. Qb4 f5 1/2-1/2

[Event "Najdorf Memorial-B 2022"]
[Site "Warsaw"]
[Date "2022.07.16"]
[Round "8.11"]
[White "Szymkiewicz, Witold"]
[Black "Jaszczuk, Piotr"]
[Result "1-0"]
[ECO "A45"]
[WhiteElo "1642"]
[BlackElo "1389"]
[Annotator "NA"]
[PlyCount "63"]
[EventDate "2022.07.09"]
[EventType "swiss"]
[EventCountry "POL"]
[SourceTitle "playchess.com"]
[Source "ChessBase"]
[SourceQuality "1"]
[TimeControl "40/5400+30:1800+30"]

1. d4 Nf6 2. Bf4 e6 3. e3 b6 4. Nd2 Bb7 5. Ngf3 c5 6. c3 cxd4 7. exd4 d6 8. Bd3 Nbd7 9. Nc4 Qc7 10. O-O Be7 11. Re1 O-O 12. Ncd2 Rfe8 13. Ng5 Bf8 14. Re3 h6 15. Nge4 Nd5 16. Bxh6 Nxe3 17. Bxe3 f5 18. Ng5 Nf6 19. Qb3 Nd5 20. Ndf3 Qd7 21. Bd2 Be7 22. Bb5 Bc6 23. Bxc6 Qxc6 24. Nxe6 Kh7 25. c4 Nc7 26. Qd3 g6 27. Nfg5+ Bxg5 28. Nxg5+ Kg7 29. d5 Qd7 30. Bc3+ Kf8 31. Qd4 Re5 32. f4 1-0